 Dungeon Crawl Stone Soup version 0.30-a0-137-gd8773701ce (webtiles) character file.

Game seed: 12459759270750580808

89 Colgate the Insei (level 4, 0/29 HPs)
             Began as an Octopode Transmuter on Sept 23, 2022.
             Slain by a gnoll
             ... wielding a +0 spear
              (5 damage)
             ... on level 2 of the Dungeon.
             The game lasted 00:04:14 (1840 turns).

Colgate the Insei (Octopode Transmuter)             Turns: 1840, Time: 00:04:15

Health: 0/29       AC:  1    Str:  9    XL:     4   Next: 55%
Magic:  1/7        EV: 17    Int: 17    God:
Gold:   54         SH:  0    Dex: 12    Spells: 1/7 levels left

rFire   . . .      SeeInvis .      - Unarmed
rCold   . . .      Faith    .    (no shield)
rNeg    . . .      Spirit   .    (helmet restricted)
rPois   +          Reflect  .    (no amulet)
rElec   .          Harm     .    h - +4 ring of evasion
rCorr   .          Rampage  .    f - ring of poison resistance
Will    .....                    (no ring)
Stlth   ++........               (no ring)
HPRegen 0.09/turn                (no ring)
MPRegen 0.10/turn                (no ring)
                                 (no ring)
                                 (no ring)

@: wereblooded
A: almost no armour, amphibious, 8 rings, camouflage 1, gelatinous body 1,
(nimble swimmer 1), tentacles
a: no special abilities


You were on level 2 of the Dungeon.
You visited 1 branch of the dungeon, and saw 2 of its levels.

You collected 54 gold pieces.

Inventory:

Jewellery
 f - a ring of poison resistance (right tentacle)
 h - a +4 ring of evasion (left tentacle)
Scrolls
 b - a scroll of identify {unknown}
 c - a scroll of fog {unknown}
 d - a scroll of teleportation {unknown}
 g - a scroll of brand weapon {unknown}
 m - 3 scrolls of blinking {unknown}
Potions
 a - 2 potions of lignification
 e - a potion of might {unknown}
 i - a potion of berserk rage {unknown}
 j - a potion of degeneration {unknown}
 k - 2 potions of heal wounds {unknown}
 l - 2 potions of curing {unknown}


   Skills:
 - Level 2.1 Fighting
 - Level 2.0 Dodging
 - Level 4.0 Unarmed Combat
 - Level 2.0 Spellcasting
 + Level 3.2 Transmutations


You had one spell level left.
You knew the following spells:

 Your Spells              Type           Power      Damage    Failure   Level
a - Beastly Appendage     Tmut           24%        N/A       5%          1
b - Wereblood             Tmut           12%        N/A       8%          2
c - Spider Form           Tmut/Pois      7%         N/A       30%         3

Your spell library contained the following spells:

 Spells                   Type           Power      Damage    Failure   Level
 Ice Form                 Ice/Tmut       7%         N/A       69%         4
 Borgnjor's Revivificati  Necr           0%         N/A       100%        8
 Necromutation            Tmut/Necr      3%         N/A       100%        8
 Death's Door             Necr           0%         N/A       100%        9


Dungeon Overview and Level Annotations

Branches:
Dungeon (2/15)

Altars:


Innate Abilities, Weirdness & Mutations

You cannot wear most types of armour.
You are amphibious.
You can wear up to eight rings at the same time.
Your skin changes colour to match your surroundings (Stealth+).
Your rubbery body absorbs attacks. (AC +1, EV +1)
((You are camouflaged when in or above water. (Stealth+)))
You have tentacles for arms and can constrict up to eight enemies at once.


Message History

The gnoll shouts!
Casting: Spider Form (extremely dangerous; 54% risk of failure)
You don't have enough magic to cast this spell. 2 gnolls come into view.
The gnoll shouts!
The gnoll misses you.
Your magical contamination has completely faded away.
You hit the gnoll but do no damage.
The gnoll is poisoned.
The gnoll completely misses you.
You barely miss the gnoll. The gnoll hits you with a +0 halberd!
You hit the gnoll.
The gnoll looks as sick as possible!
Your transformation has ended.
You tentacle-slap the gnoll but do no damage.
Your grab misses the gnoll. Your squeeze misses the gnoll.
You kill the gnoll!
Your Transmutations skill increases to level 3!
Okay, then.
Okay, then.
Casting: Spider Form (extremely dangerous; 30% risk of failure)
Your blood is infused with primal strength.
The gnoll barely misses you.
You closely miss the gnoll. Your grab misses the gnoll.
The gnoll closely misses you.
You barely miss the gnoll. You grab the gnoll. You constrict the gnoll.
The gnoll barely misses you.
You tentacle-slap the gnoll but do no damage.
You constrict the gnoll. The gnoll barely misses you.
You barely miss the gnoll. You squeeze the gnoll! You constrict the gnoll.
You feel a bit better.
You kill the gnoll!
You closely miss the gnoll. You grab the gnoll.
You squeeze the gnoll, but do no damage.
You constrict the gnoll. The gnoll hits you with a +0 whip!
You barely miss the gnoll. You squeeze the gnoll. You constrict the gnoll.
The gnoll barely misses you. The gnoll misses you.
You tentacle-slap the gnoll. You squeeze the gnoll. You constrict the gnoll.
The gnoll hits you with a +0 whip!
* * * LOW HITPOINT WARNING * * *
The gnoll hits you from afar with a +0 spear.
You die...

#......# #....#
###......# #....#
..)......###....+
................# ##
................# ...
#####....รท..#####
.... #.......# .....
#.......#######......
#.......'...@gg.>....
#.......#########?...
#.......# # ##'######
## #.###### .#
#......# .# ######.#
.# #....#.# .#
#....#.#


You could see 2 gnolls.

Vanquished Creatures
  4 adders (D:2)
  2 gnolls (D:2)
  2 dart slugs (D:1)
  A ball python (D:2)
  2 endoplasms (D:1)
  2 giant cockroaches (D:1)
  3 goblins
  2 hobgoblins (D:1)
  3 kobolds
  2 quokkas (D:1)
  5 bats
  5 frilled lizards (D:2)
  2 rats
35 creatures vanquished.

Notes
Turn   | Place    | Note
-------+----------+-------------------------------------------
     0 | D:1      | Colgate the Octopode Transmuter began the quest for the
                  | Orb.
     0 | D:1      | Reached XP level 1. HP: 13/13 MP: 3/3
   374 | D:1      | Reached XP level 2. HP: 15/18 MP: 5/5
   630 | D:1      | Reached skill level 4 in Unarmed Combat
   633 | D:1      | Learned a level 2 spell: Wereblood
  1192 | D:1      | Reached XP level 3. HP: 23/23 MP: 4/6
  1196 | D:1      | Learned a level 3 spell: Spider Form
  1577 | D:2      | Reached XP level 4. HP: 28/29 MP: 1/7
  1840 | D:2      | Slain by a gnoll

Illustrated notes

Levels and vault maps discovered:
D:1:      dpeg_arrival_tiny_k, layout_rooms
D:2:      layout_basic, chequers_serial_rivers_marsh

Skill      XL: |  1  2  3  4 |
---------------+-------------+-----
Unarmed Combat | 4 |  4.0
Fighting       | 2 |  2.1
Transmutations | 3 |  3.2
Dodging        | |  2.0
Spellcasting   | |  2.0

Action                   |  1- 3 |  4- 6 || total
-------------------------+-------+-------++-------
Melee: Unarmed           |    77 |    19 ||    96
       Tentacles         |     6 |     4 ||    10
       Constrict         |    11 |     3 ||    14
       Punch             |     1 |       ||     1
       Kick              |     3 |       ||     3
 Cast: Beastly Appendage |     4 |       ||     4
       Spider Form       |     5 |     2 ||     7
       Wereblood         |     1 |     1 ||     2
 Stab: Sleeping          |     3 |       ||     3
Armor: Skin              |    17 |       ||    17
Dodge: Dodged            |    83 |    11 ||    94

Table legend: (Time is in decaauts)
 A = Elapsed time spent in this place.
 B = Non-inter-level travel time spent in this place.
 C = Inter-level travel time spent in this place.
 D = Time resting spent in this place.
 E = Time spent auto-exploring this place.
 F = Levels seen in this place.
 G = Mean time per level.
                   A        B        C        D        E       F      G
               +--------+--------+--------+--------+--------+-----+--------+
         Total |   1832 |   1807 |     25 |      0 |   1549 |   2 |  916.0 |
       Dungeon |   1832 |   1807 |     25 |      0 |   1549 |   2 |  916.0 |
               +--------+--------+--------+--------+--------+-----+--------+

Top non-repeatable levels by time:
     D:1: 1234 daAuts
     D:2: 597 daAuts
